 Dungeon Crawl Stone Soup version 0.21-a0-538-gd16b88a (webtiles) character file.

45 slep the Chopper (level 3, -2/27 HPs)
             Began as a Demonspawn Gladiator on Dec 16, 2017.
             Slain by a gnoll
             ... wielding a +0 spear
              (6 damage)
             ... on level 2 of the Dungeon.
             The game lasted 00:03:03 (1182 turns).

slep the Chopper (Demonspawn Gladiator)             Turns: 1182, Time: 00:03:04

Health: -2/27      AC:  4    Str: 14    XL:     3   Next: 42%
Magic:  3/3        EV: 18    Int:  9    God:
Gold:   78         SH:  0    Dex: 20    Spells: 2/2 levels left

rFire    . . .     SeeInvis .   a - +0 war axe
rCold    . . .     Gourm    .   (no shield)
rNeg     . . .     Faith    .   b - +0 leather armour
rPois    .         Spirit   .   c - +0 helmet
rElec    .         Reflect  .   (no cloak)
rCorr    .         Harm     .   (no gloves)
MR       .....                  (no boots)
Stlth    +++.......             (no amulet)
HPRegen  0.09/turn              (no ring)
MPRegen  0.08/turn              (no ring)

@: agile
A: powered by pain 1
a: no special abilities


You were on level 2 of the Dungeon.
You were hungry.

You visited 1 branch of the dungeon, and saw 2 of its levels.

You collected 78 gold pieces.

Inventory:

Hand Weapons
 a - a +0 war axe (weapon)
Missiles
 d - 3 throwing nets (quivered)
Armour
 b - a +0 leather armour (worn)
 c - a +0 helmet (worn)
 l - a +0 ring mail
Scrolls
 e - a scroll of identify {unknown}
 h - a scroll of immolation {unknown}
 j - 2 scrolls of random uselessness {unknown}
 m - a scroll of remove curse {unknown}
Potions
 g - a potion of haste {unknown}
 i - 2 potions of agility {unknown}
 k - a potion of curing {unknown}
Comestibles
 f - 2 bread rations


   Skills:
 + Level 2.3 Fighting
 + Level 3.5 Axes
 + Level 1.7 Throwing
 + Level 0.5 Armour
 + Level 2.9 Dodging
 + Level 0.3 Stealth


You had 2 spell levels left.
You didn't know any spells.

Dungeon Overview and Level Annotations

Branches:
Dungeon (2/15)

Altars:


Innate Abilities, Weirdness & Mutations

You sometimes gain a little power by taking damage.


Message History

The gnoll completely misses you. The gnoll closely misses you.
The gnoll barely misses you.
You hit the gnoll.
You kill the gnoll!
The gnoll barely misses you. The gnoll closely misses you. x2
You see here a halberd.
You hit the gnoll.
The gnoll is moderately wounded.
The gnoll hits you but does no damage. The gnoll completely misses you.
You hit the gnoll.
The gnoll is heavily wounded.
The gnoll barely misses you. The gnoll closely misses you.
The gnoll hits you from afar with a spear.
* * * LOW HITPOINT WARNING * * *
The gnoll hits you with a spear.
* * * LOW HITPOINT WARNING * * *
The gnoll closely misses you. The gnoll hits you with a spear.
You die...

###
###################.#
.............g.g@...#
###################.#
#.# #.# #.# #.# #.#
#.# #.#


You could see 2 gnolls.

Vanquished Creatures
  A gnoll (D:2)
  An adder (D:2)
  2 giant cockroaches (D:1)
  3 goblins (D:1)
  4 hobgoblins
  5 jackals (D:1)
  A bat (D:2)
  3 frilled lizards (D:1)
  3 kobolds
  2 rats
25 creatures vanquished.

Notes
Turn   | Place    | Note
-------+----------+-------------------------------------------
     0 | D:1      | slep the Demonspawn Gladiator began the quest for the Orb.
     0 | D:1      | Reached XP level 1. HP: 16/16 MP: 1/1
    41 | D:1      | Reached skill level 3 in Axes
    45 | D:1      | Gained mutation: You sometimes gain a little power by taking damage. [demonic ancestry]
    45 | D:1      | Reached XP level 2. HP: 8/22 MP: 2/2
  1010 | D:2      | Reached XP level 3. HP: 26/27 MP: 3/3
  1182 | D:2      | Slain by a gnoll

Vault maps used:
D:1:      erik_arrival_cave_to_civilisation
D:2:      nicolae_overflow_crystal_walls, first_bread, kennysheep_doodads,
          corner_web_ring, uniq_jessica, uniq_natasha

Skill      XL: |  1 |
---------------+----+-----
Axes           | 3 |  3.5
Fighting       | |  2.3
Throwing       | |  1.7
Armour         | |  0.5
Dodging        | |  2.9
Stealth        | |  0.3

Action                   || total
-------------------------++-------
Melee: War axe           ||    70
 Stab: Sleeping          ||     2
Armor: Leather armour    ||    21
Dodge: Dodged            ||    55

Table legend:
 A = Spawn XP
 B = Non-spawn XP
 C = Spawn XP percentage of total XP
 D = Spawn monster count
 E = Non-spawn monster count
 F = Spawn count percentage of total count
 G = Total turns spent on level
                    A         B        C        D         E        F      G
               +---------+---------+-------+---------+---------+-------+---------
         Total |       0 |      65 |   0.0 |       0 |      25 |   0.0 |  1182
               +---------+---------+-------+---------+---------+-------+---------
           D:1 |       0 |      31 |   0.0 |       0 |      18 |   0.0 |   994
           D:2 |       0 |      34 |   0.0 |       0 |       7 |   0.0 |   188
               +---------+---------+-------+---------+---------+-------+---------
